 Dungeon Crawl Stone Soup version 0.22.1-2-g9c5b331 (webtiles) character file.

3 MalarOregon the Caller (level 1, -1/14 HPs)
             Began as a Merfolk Summoner on Nov 21, 2018.
             Slain by a leopard gecko (5 damage)
             ... on level 1 of the Dungeon.
             The game lasted 00:01:55 (175 turns).

MalarOregon the Caller (Merfolk Summoner)            Turns: 175, Time: 00:01:55

Health: -1/14      AC:  3    Str:  8    XL:     1   Next: 50%
Magic:  0/3        EV: 13    Int: 14    God:
Gold:   34         SH:  0    Dex: 14    Spells: 3/4 levels left

rFire    . . .     SeeInvis .   (no weapon)
rCold    . . .     Gourm    .   (no shield)
rNeg     . . .     Faith    .   a - +0 robe
rPois    .         Spirit   .   (no helmet)
rElec    .         Reflect  .   (no cloak)
rCorr    .         Harm     .   (no gloves)
MR       .....                  c - +0 pair of boots
Stlth    ++........             (no amulet)
HPRegen  0.04/turn              (no ring)
MPRegen  0.08/turn              (no ring)

@: very slightly contaminated
A: change form in water, swift swim, stealthy swim
a: no special abilities


You were on level 1 of the Dungeon.
You were not hungry.

You visited 1 branch of the dungeon, and saw 1 of its levels.

You collected 34 gold pieces.

Inventory:

Missiles
 b - 4 tomahawks (quivered)
Armour
 a - a +0 robe (worn)
 c - a +0 pair of boots (worn)
   (You found it on level 1 of the Dungeon)
Comestibles
 d - a chunk of flesh
 e - 3 rations {!d}


   Skills:
 + Level 0.3 Fighting
 + Level 2.8 Dodging
 - Level 2.1 Stealth
 + Level 2.0 Spellcasting
 + Level 4.0 Summonings


You had 3 spell levels left.
You knew the following spells:

 Your Spells              Type           Power        Failure   Level  Hunger
a - Summon Small Mammal   Summ           ##..         4%          1    ##.....

Your spell library contained the following spells:

 Spells                   Type           Power        Failure   Level  Hunger
 Call Imp                 Summ           ##......     7%          2    ###....
 Call Canine Familiar     Summ           ##......     14%         3    ####...
 Summon Guardian Golem    Hex/Summ       #.......     30%         3    ####...
 Summon Ice Beast         Ice/Summ       #.......     71%         4    #####..
 Summon Lightning Spire   Summ/Air       #.......     71%         4    #####..


Dungeon Overview and Level Annotations

Branches:
Dungeon (1/15)

Altars:


Message History

a short sword; a stone
b - 5 tomahawks (gained 1)
b - 8 tomahawks (gained 3)
Found 3 scrolls labeled ENONUI GAYSHI.
A leopard gecko comes into view.
A leopard gecko is nearby!
Throwing (i - inventory)
b - 8 tomahawks (quivered)
Aim: a leopard gecko (clinging, resting)
You throw a tomahawk.
The tomahawk hits the leopard gecko but does no damage.
Throwing (i - inventory)
b - 7 tomahawks (quivered)
Aim: a leopard gecko (clinging)
You throw a tomahawk.
The tomahawk barely misses the leopard gecko.
Throwing (i - inventory)
b - 6 tomahawks (quivered)
Aim: a leopard gecko (clinging)
You throw a tomahawk.
The tomahawk hits the leopard gecko but does no damage.
Throwing (i - inventory)
b - 5 tomahawks (quivered)
Aim: a leopard gecko (clinging)
You throw a tomahawk. The tomahawk misses the leopard gecko.
The leopard gecko misses you. The leopard gecko bites you.
You swap places.
The leopard gecko completely misses your rat.
Your rat barely misses the leopard gecko.
The leopard gecko bites your rat.
Your rat dies!
Your rat's corpse disappears in a puff of smoke!
You miscast Summon Small Mammal.
You are very lightly contaminated with residual magic.
The world appears momentarily distorted.
The leopard gecko bites you.
The leopard gecko bites you but does no damage.
You barely miss the leopard gecko. The leopard gecko closely misses you.
Your quokka barely misses the leopard gecko.
You hit the leopard gecko but do no damage.
The leopard gecko bites you.
* * * LOW HITPOINT WARNING * * *
Your quokka bites the leopard gecko.
You hit the leopard gecko but do no damage.
The leopard gecko closely misses you.
Your quokka closely misses the leopard gecko.
You barely miss the leopard gecko. The leopard gecko closely misses you.
Your quokka misses the leopard gecko. You hit the leopard gecko.
The leopard gecko bites you.
* * * LOW HITPOINT WARNING * * *
Your quokka misses the leopard gecko. The leopard gecko barely misses you.
Your quokka closely misses the leopard gecko.
You closely miss the leopard gecko. The leopard gecko bites you.
You die...

#############
#..@lr...(..(
#.##########(
####.####
#.......#
###.......#
..........##
..##.#....).#
# #........#
##........#.#


You could see a leopard gecko and a friendly quokka.

Vanquished Creatures
  A bat (D:1)
  A giant cockroach (D:1)
  A kobold (D:1)
3 creatures vanquished.

Notes
Turn   | Place    | Note
-------+----------+-------------------------------------------
     0 | D:1      | MalarOregon the Merfolk Summoner began the quest for the
                  | Orb.
     0 | D:1      | Reached XP level 1. HP: 13/13 MP: 3/3
   175 | D:1      | Slain by a leopard gecko

Action                   || total
-------------------------++-------
Melee: Unarmed           ||    20
Throw: Tomahawk          ||    14
 Cast: Summon Small Mamm ||     2
Armor: Robe              ||     5
Dodge: Dodged            ||    18
